Maple Leafs vs Devils (R1)

Created - November 26, 2017 at 09:39

Goals
1 2 3 T
Maple Leafs 1 0 1 2
Devils 1 3 0 4
Shots
1 2 3 T
Maple Leafs 13 10 3 26
Devils 7 10 8 25

1st period

1. Devils , J.T. Miller 4 (Matt Duchene 12) at 18:57
2. Maple Leafs , Claude Giroux 9 (Tobias Enstrom 6, Alexander Frolov 6) at 19:05

Penalties :
Dominic Moore (NJD) for Holding (Minor) at 9:45, Marc-Édouard Vlasic (Tor) for Roughing (Minor) at 10:59, Eric Nystrom (Tor) for High sticking (Minor) at 15:58

2nd period

3. Devils , Erik Christensen 2 (Martin St. Louis 4, Adam Larsson 4) at 3:45
4. Devils , Kellan Lain 6 (Martin St. Louis 5, Erik Christensen 4) at 11:39
5. Devils , Jonathan Toews 5 (Steve Downie 8, Adam Pardy 2) at 18:02

Penalties :
Adam Pardy (NJD) for Hooking (Minor) at 1:24, Ted Purcell (NJD) for Interference (Minor) at 14:54

3rd period

6. Maple Leafs , Claude Giroux 10 (John Klingberg 6) at 2:36

Penalties :
Braydon Coburn (Tor) for Elbowing (Minor) at 0:13, Shea Weber (NJD) for Interference (Minor) at 8:42, Colby Armstrong (Tor) for Interference (Minor) at 15:56, Ryan Parent (Tor) for Hooking (Minor) at 18:07

Goalie Stats

Alex Stalock (Tor), 11 saves from 11 shots - (1.000), 21:58 minutes
Marc-André Fleury (Tor), 10 saves from 14 shots - (0.714), L, 8-8-1, 38:02 minutes
Cam Ward (NJD), 24 saves from 26 shots - (0.923), W, 2-3-2, 60:00 minutes

Players Stats for Maple Leafs

Player Name              G  A  P  +/- PIM S  H  SB GA TA FO     MP     PP MP  PK MP  
------------------------------------------------------------------------------------
Alexander Frolov         0  1  1  -1  0   1  1  0  1  0  2/3    19:38   4:32   1:35 
Blake Comeau             0  0  0   0  0   0  0  0  1  0  0/1     8:43   0:00   2:20 
Braydon Coburn           0  0  0   0  2   0  0  0  0  3  0/0    24:36   2:01   3:46 
Claude Giroux            2  0  2   0  0   7  0  0  2  4  2/3    23:43   4:32   4:47 
Colby Armstrong          0  0  0  -2  2   2  0  0  0  0  0/0    10:17   0:00   0:00 
Eric Nystrom             0  0  0  -2  2   0  1  1  0  0  0/1    12:04   0:00   1:50 
Evgeny Grachev           0  0  0  -2  0   1  0  0  1  0  1/4    10:15   0:00   0:00 
Fabian Brunnstrom        0  0  0   0  0   0  1  0  0  0  0/1    15:04   2:39   0:00 
Gilbert Brule            0  0  0   0  0   3  0  0  2  0  7/14   18:03   2:39   2:40 
Jamie Benn               0  0  0   0  0   1  0  0  0  0  0/0     6:22   0:00   0:00 
John Klingberg           0  1  1   1  0   1  0  2  1  0  0/0    16:05   2:01   0:02 
Jordan Staal             0  0  0   0  0   5  1  2  0  0  13/29  23:49   4:32   4:52 
Marc-Édouard Vlasic      0  0  0  -1  2   0  0  2  1  1  0/0    24:11   5:09   3:30 
Michael Grabner          0  0  0   1  0   4  4  0  1  0  0/0    15:43   2:39   0:02 
Ryan Parent              0  0  0  -2  2   0  1  1  0  3  0/0    16:23   1:02   3:52 
Taylor Chorney           0  0  0  -2  0   0  0  1  1  1  0/0    13:02   0:00   1:59 
Tobias Enstrom           0  1  1   0  0   0  2  0  0  2  0/0    25:47   4:08   4:57 
Zac Dalpe                0  0  0   0  0   1  0  0  0  0  2/3     6:22   0:00   0:00 

Players Stats for Devils

Player Name              G  A  P  +/- PIM S  H  SB GA TA FO     MP     PP MP  PK MP  
------------------------------------------------------------------------------------
Adam Larsson             0  1  1   2  0   0  6  1  0  0  0/0    18:29   3:59   0:47 
Adam Pardy               0  1  1   2  2   1  0  1  0  2  0/0    13:38   0:13   3:21 
Anthony Stewart          0  0  0   0  0   1  0  0  0  1  0/1     8:32   0:00   1:37 
Brandon Bollig           0  0  0   0  0   0  0  1  0  0  0/0     7:13   0:18   0:00 
Dominic Moore            0  0  0   0  2   0  0  1  0  1  5/9    10:43   0:12   3:09 
Erik Christensen         1  1  2   1  0   2  0  0  0  0  0/3    10:37   0:00   0:00 
J.T. Miller              1  0  1   1  0   2  0  0  0  0  1/3    16:41   4:13   0:51 
Jonathan Toews           1  0  1   0  0   2  0  0  1  0  16/28  18:25   4:32   0:00 
Jordan Eberle            0  0  0   1  0   2  1  0  1  2  0/0    20:45   4:31   3:58 
Kellan Lain              1  0  1   1  0   1  2  0  0  0  0/0    11:35   0:49   0:00 
Martin St. Louis         0  2  2   1  0   2  0  0  2  0  0/0    14:40   4:01   0:00 
Matt Duchene             0  1  1   1  0   4  2  0  0  1  9/14   17:44   4:01   2:35 
Mike Komisarek           0  0  0   1  0   1  1  0  1  1  0/0    21:50   0:00   4:26 
Ryan Whitney             0  0  0   1  0   0  3  0  1  0  0/0    19:28   4:11   1:26 
Shea Weber               0  0  0  -1  2   1  2  0  3  1  0/0    25:54   4:39   1:12 
Steve Downie             0  1  1   0  0   2  2  0  2  1  1/1    16:06   0:00   2:12 
Ted Purcell              0  0  0   0  2   2  1  1  2  1  0/0    18:47   4:32   0:00 
Tyler Cuma               0  0  0  -1  0   2  2  2  1  0  0/0    20:53   5:04   3:10 

3 Stars

1 - Claude Giroux (Tor)
2 - Adam Larsson (NJD)
3 - Erik Christensen (NJD)

Power Play

Maple Leafs - 0 on 4 Attempt(s) - 0.00%
Devils - 0 on 5 Attempt(s) - 0.00%

Penalty Kill

Maple Leafs - 5 on 5 Attempt(s) - 100.00% - Score 0 goal in Penalty Kill
Devils - 4 on 4 Attempt(s) - 100.00% - Score 0 goal in Penalty Kill

Team Stat

Maple Leafs - Hits : 11 - Faceoff Wins : 27 - Blocked Shots : 9 - Penalty Minutes : 10
Devils - Hits : 22 - Faceoff Wins : 32 - Blocked Shots : 7 - Penalty Minutes : 8

Official

Referees : McCreary Bill and Jackson Dave
Linesman : Brad Lazarowich and Steve Miller

Game Notes

Alex Stalock enters game at 18:02 of 2nd period

Finance

Level 1 -- Attendance: 5303 (88.38%) -- Ticket Income $477,270
Level 2 -- Attendance: 5000 (100.00%) -- Ticket Income $285,000
Level 3 -- Attendance: 1799 (89.95%) -- Ticket Income $59,367
Level 4 -- Attendance: 3645 (91.13%) -- Ticket Income $91,125
Luxury Box -- Attendance: 991 (99.10%) -- Ticket Income $153,605
Game was played at the The prudential Center.
Total Attendance: 16738 (92.99%)
Total Ticket Income: $1,066,367
Other Income: $159,955
Total Income: $1,226,322

Maple Leafs

5 vs 5 Forward 
   Center                   Left Wing                Right Wing               Time % Phy DF OF 
 1 Jordan Staal             Alexander Frolov         Claude Giroux            40     0   1  4  
 2 Gilbert Brule            Fabian Brunnstrom        Michael Grabner          30     0   2  3  
 3 Evgeny Grachev           Eric Nystrom             Colby Armstrong          20     0   2  3  
 4 Zac Dalpe                Jamie Benn               Blake Comeau             10     0   3  2  

5 vs 5 Defense 
   Defense                  Defense                                           Time % Phy DF OF 
 1 Marc-Édouard Vlasic      Braydon Coburn                                    40     0   2  3  
 2 Tobias Enstrom           John Klingberg                                    30     0   2  3  
 3 Ryan Parent              Taylor Chorney                                    20     0   3  2  
 4 Tobias Enstrom           Braydon Coburn                                    10     0   2  3  

PowerPlay Forward 
   Center                   Left Wing                Right Wing               Time % Phy DF OF 
 1 Jordan Staal             Alexander Frolov         Claude Giroux            60     0   1  4  
 2 Gilbert Brule            Fabian Brunnstrom        Michael Grabner          40     0   2  3  

PowerPlay Defense
   Defense                  Defense                                           Time % Phy DF OF 
 1 Tobias Enstrom           Marc-Édouard Vlasic                               60     0   2  3  
 2 John Klingberg           Braydon Coburn                                    40     0   3  2  

Penalty Kill 4 Players Forward 
   Center                   Wing                     Time % Phy DF OF 
 1 Jordan Staal             Claude Giroux            60     0   4  1  
 2 Gilbert Brule            Eric Nystrom             40     0   4  1  

Penalty Kill 4 Players Defense
   Defense                  Defense                  Time % Phy DF OF 
 1 Tobias Enstrom           Braydon Coburn           60     0   5  0  
 2 Ryan Parent              Marc-Édouard Vlasic      40     0   5  0  

Penalty Kill - 3 Players Forward 
   Forward                                           Time % Phy DF OF 
 1 Jordan Staal                                      60     0   4  1  
 2 Gilbert Brule                                     40     0   4  1  

Penalty Kill - 3 Players Defense
   Defense                  Defense                  Time % Phy DF OF 
 1 Tobias Enstrom           Taylor Chorney           60     0   5  0  
 2 Taylor Chorney           Tobias Enstrom           40     0   5  0  

4 vs 4 Forward 
   Center                   Wing                     Time % Phy DF OF 
 1 Jordan Staal             Claude Giroux            60     0   2  3  
 2 Gilbert Brule            Michael Grabner          40     0   2  3  

4 vs 4 Defense
   Defense                  Defense                  Time % Phy DF OF 
 1 Tobias Enstrom           Braydon Coburn           60     0   3  2  
 2 Ryan Parent              Marc-Édouard Vlasic      40     0   3  2  

Last Minutes Offensive
   Center                   Left Wing                Right Wing               Defense                  Defense                  
   Jordan Staal             Alexander Frolov         Claude Giroux            Tobias Enstrom           Marc-Édouard Vlasic      

Last Minutes Defensive
   Center                   Left Wing                Right Wing               Defense                  Defense                  
   Jordan Staal             Alexander Frolov         Claude Giroux            Braydon Coburn           Taylor Chorney           

Goaltenders
Starting : Marc-André Fleury        
Backup : Alex Stalock             

Extra Forwards
Normal : Michael Grabner, Eric Nystrom, Blake Comeau - PP : Michael Grabner, Eric Nystrom - PK : Blake Comeau
Extra Defensemen
Normal : John Klingberg, Ryan Parent, Marc-Édouard Vlasic - PP : Ryan Parent - PK : Ryan Parent, Taylor Chorney
Penalty Shots
Claude Giroux, Gilbert Brule, Alexander Frolov, Fabian Brunnstrom, Zac Dalpe

Scratches
None

Devils

5 vs 5 Forward 
   Center                   Left Wing                Right Wing               Time % Phy DF OF 
 1 Jonathan Toews           Ted Purcell              Steve Downie             40     0   2  3  
 2 Matt Duchene             J.T. Miller              Jordan Eberle            30     0   2  3  
 3 Erik Christensen         Kellan Lain              Martin St. Louis         20     1   2  2  
 4 Dominic Moore            Brandon Bollig           Anthony Stewart          10     1   2  2  

5 vs 5 Defense 
   Defense                  Defense                                           Time % Phy DF OF 
 1 Mike Komisarek           Shea Weber                                        40     1   2  2  
 2 Tyler Cuma               Ryan Whitney                                      30     1   2  2  
 3 Adam Pardy               Adam Larsson                                      20     1   2  2  
 4 Adam Larsson             Shea Weber                                        10     1   2  2  

PowerPlay Forward 
   Center                   Left Wing                Right Wing               Time % Phy DF OF 
 1 Jonathan Toews           Ted Purcell              Jordan Eberle            60     0   1  4  
 2 Matt Duchene             J.T. Miller              Martin St. Louis         40     0   1  4  

PowerPlay Defense
   Defense                  Defense                                           Time % Phy DF OF 
 1 Shea Weber               Tyler Cuma                                        60     1   2  2  
 2 Ryan Whitney             Adam Larsson                                      40     1   2  2  

Penalty Kill 4 Players Forward 
   Center                   Wing                     Time % Phy DF OF 
 1 Dominic Moore            Jordan Eberle            60     1   2  2  
 2 Matt Duchene             Steve Downie             40     1   2  2  

Penalty Kill 4 Players Defense
   Defense                  Defense                  Time % Phy DF OF 
 1 Mike Komisarek           Adam Pardy               60     1   2  2  
 2 Shea Weber               Tyler Cuma               40     1   2  2  

Penalty Kill - 3 Players Forward 
   Forward                                           Time % Phy DF OF 
 1 Jonathan Toews                                    60     1   2  2  
 2 Jordan Eberle                                     40     1   2  2  

Penalty Kill - 3 Players Defense
   Defense                  Defense                  Time % Phy DF OF 
 1 Shea Weber               Adam Pardy               60     1   2  2  
 2 Ryan Whitney             Tyler Cuma               40     1   2  2  

4 vs 4 Forward 
   Center                   Wing                     Time % Phy DF OF 
 1 Dominic Moore            Jordan Eberle            60     1   2  2  
 2 Matt Duchene             Steve Downie             40     1   2  2  

4 vs 4 Defense
   Defense                  Defense                  Time % Phy DF OF 
 1 Shea Weber               Adam Larsson             60     1   2  2  
 2 Ryan Whitney             Tyler Cuma               40     1   2  2  

Last Minutes Offensive
   Center                   Left Wing                Right Wing               Defense                  Defense                  
   Matt Duchene             Ted Purcell              Jordan Eberle            Shea Weber               Tyler Cuma               

Last Minutes Defensive
   Center                   Left Wing                Right Wing               Defense                  Defense                  
   Matt Duchene             Ted Purcell              Jordan Eberle            Shea Weber               Adam Pardy               

Goaltenders
Starting : Cam Ward                 
Backup : James Reimer             

Extra Forwards
Normal : J.T. Miller, Kellan Lain, Anthony Stewart - PP : J.T. Miller, Kellan Lain - PK : Anthony Stewart
Extra Defensemen
Normal : Adam Larsson, Tyler Cuma, Ryan Whitney - PP : Adam Larsson - PK : Tyler Cuma, Ryan Whitney
Penalty Shots
Martin St. Louis, Jordan Eberle, Matt Duchene, Jonathan Toews, Ted Purcell

Scratches
Kyle Cumiskey (Healthy), Steve Ott (Healthy)

% Time on Ice - Maple Leafs

Lines # - Real PCT - Wanted PCT - Time Play
Normal Forward
1 - 33% - 40% - 13:59
2 - 29% - 30% - 12:25
3 - 24% - 20% - 10:15
4 - 15% - 10% - 6:22
Normal Defense
1 - 39% - 40% - 16:48
2 - 30% - 30% - 13:00
3 - 25% - 20% - 10:56
4 - 5% - 10% - 2:17
PP Forward
1 - 63% - 60% - 4:32
2 - 37% - 40% - 2:39
PP Defense
1 - 72% - 60% - 5:10
2 - 28% - 40% - 2:01
PK Forward
1 - 71% - 60% - 6:27
2 - 29% - 40% - 2:36
PK Defense
1 - 61% - 60% - 5:31
2 - 39% - 40% - 3:32
PK3 Forward
1 - 0% - 60%
2 - 0% - 40%
PK3 Defense
1 - 0% - 60%
2 - 0% - 40%
44 Forward
1 - 58% - 60% - 0:26
2 - 42% - 40% - 0:19
44 Defense
1 - 27% - 60% - 0:12
2 - 73% - 40% - 0:33
Last Minute Offensive  - 0:00
Last Minute Defensive  - 0:00
Total
Forward - 60:00
Defense - 60:00

% Time on Ice - Devils

Lines # - Real PCT - Wanted PCT - Time Play
Normal Forward
1 - 33% - 40% - 14:21
2 - 26% - 30% - 11:08
3 - 25% - 20% - 10:37
4 - 16% - 10% - 6:55
Normal Defense
1 - 42% - 40% - 18:10
2 - 31% - 30% - 13:23
3 - 20% - 20% - 8:42
4 - 6% - 10% - 2:46
PP Forward
1 - 56% - 60% - 5:02
2 - 44% - 40% - 4:01
PP Defense
1 - 54% - 60% - 4:52
2 - 46% - 40% - 4:11
PK Forward
1 - 69% - 60% - 4:59
2 - 31% - 40% - 2:12
PK Defense
1 - 73% - 60% - 5:13
2 - 27% - 40% - 1:58
PK3 Forward
1 - 0% - 60%
2 - 0% - 40%
PK3 Defense
1 - 0% - 60%
2 - 0% - 40%
44 Forward
1 - 100% - 60% - 0:45
2 - 0% - 40% - 0:00
44 Defense
1 - 87% - 60% - 0:39
2 - 13% - 40% - 0:06
Last Minute Offensive  - 0:00
Last Minute Defensive  - 0:00
Total
Forward - 60:00
Defense - 60:00

Play by Play

1st period


0:01 of 1st period - Jordan Staal wins face-off versus Jonathan Toews in neutral zone.
0:04 of 1st period - Snap shot by Claude Giroux.
0:04 of 1st period - Stopped by Cam Ward with a rebound.
0:16 of 1st period - Snap shot by Jordan Staal.
0:16 of 1st period - Stopped by Cam Ward without a rebound.
0:17 of 1st period - Gilbert Brule wins face-off versus Matt Duchene in Devils zone.
0:20 of 1st period - Snap shot by Gilbert Brule.
0:20 of 1st period - Stopped by Cam Ward without a rebound.
0:21 of 1st period - Matt Duchene wins face-off versus Gilbert Brule in Devils zone.
0:21 of 1st period - Matt Duchene is hit by Michael Grabner.
0:29 of 1st period - Gilbert Brule is hit by Matt Duchene and loses puck.
1:52 of 1st period - Shea Weber is hit by Fabian Brunnstrom and loses puck.
2:03 of 1st period - Wrist shot by Gilbert Brule.
2:03 of 1st period - Shot Misses the Net.
2:25 of 1st period - Snap shot by Matt Duchene.
2:25 of 1st period - Shot Blocked by Taylor Chorney.
2:27 of 1st period - Snap shot by Jordan Eberle.
2:27 of 1st period - Stopped by Marc-André Fleury with a rebound.
2:29 of 1st period - Wrist shot by Jordan Eberle.
2:29 of 1st period - Shot Misses the Net.
2:31 of 1st period - Backhand shot by Shea Weber.
2:31 of 1st period - Deflect By Jordan Eberle.
2:31 of 1st period - Shot Misses the Net.
2:31 of 1st period - Puck is out of play.
2:32 of 1st period - Evgeny Grachev wins face-off versus Jonathan Toews in Maple Leafs zone.
2:43 of 1st period - Wrist shot by Colby Armstrong.
2:43 of 1st period - Stopped by Cam Ward with a rebound.
3:04 of 1st period - Snap shot by Gilbert Brule.
3:04 of 1st period - Stopped by Cam Ward without a rebound.
3:05 of 1st period - Claude Giroux wins face-off versus Erik Christensen in Devils zone.
3:32 of 1st period - Evgeny Grachev is hit by Adam Larsson and loses puck.
4:00 of 1st period - Icing by Adam Larsson.
4:01 of 1st period - Dominic Moore wins face-off versus Jordan Staal in Devils zone.
4:07 of 1st period - Off-side.
4:08 of 1st period - Jordan Staal wins face-off versus Jonathan Toews in neutral zone.
4:23 of 1st period - Snap shot by Claude Giroux.
4:23 of 1st period - Shot Blocked by Tyler Cuma.
4:47 of 1st period - Slapshot by Jonathan Toews.
4:47 of 1st period - Deflect By Steve Downie.
4:47 of 1st period - Shot Misses the Net.
4:47 of 1st period - Puck is out of play.
4:48 of 1st period - Zac Dalpe wins face-off versus Matt Duchene in Maple Leafs zone.
5:13 of 1st period - Erik Christensen is hit by Michael Grabner and loses puck.
5:38 of 1st period - Slapshot by Evgeny Grachev.
5:38 of 1st period - Stopped by Cam Ward with a rebound.
5:40 of 1st period - Slapshot by Taylor Chorney.
5:40 of 1st period - Shot Misses the Net.
5:42 of 1st period - Slapshot by Evgeny Grachev.
5:42 of 1st period - Shot Misses the Net.
5:54 of 1st period - Snap shot by Jordan Staal.
5:54 of 1st period - Shot Misses the Net.
6:36 of 1st period - Snap shot by Erik Christensen.
6:36 of 1st period - Stopped by Marc-André Fleury without a rebound.
6:37 of 1st period - Gilbert Brule wins face-off versus Erik Christensen in Maple Leafs zone.
6:37 of 1st period - Gilbert Brule is hit by Tyler Cuma.
6:45 of 1st period - Snap shot by Gilbert Brule.
6:45 of 1st period - Shot Misses the Net.
6:47 of 1st period - Snap shot by Michael Grabner.
6:47 of 1st period - Shot Misses the Net.
6:49 of 1st period - Slapshot by Braydon Coburn.
6:49 of 1st period - Deflect By Michael Grabner.
6:49 of 1st period - Stopped by Cam Ward with a rebound.
6:51 of 1st period - Wrist shot by Michael Grabner.
6:51 of 1st period - Stopped by Cam Ward with a rebound.
6:53 of 1st period - Wrist shot by Braydon Coburn.
6:53 of 1st period - Shot Misses the Net.
6:55 of 1st period - Snap shot by Gilbert Brule.
6:55 of 1st period - Stopped by Cam Ward with a rebound.
8:02 of 1st period - Snap shot by Fabian Brunnstrom.
8:02 of 1st period - Shot Misses the Net.
8:28 of 1st period - Adam Pardy is hit by Michael Grabner and loses puck.
8:37 of 1st period - Slapshot by Michael Grabner.
8:37 of 1st period - Stopped by Cam Ward without a rebound.
8:38 of 1st period - Jonathan Toews wins face-off versus Jordan Staal in Devils zone.
9:33 of 1st period - Snap shot by Jamie Benn.
9:33 of 1st period - Stopped by Cam Ward with a rebound.
9:35 of 1st period - Slapshot by Ryan Parent.
9:35 of 1st period - Shot Blocked by Dominic Moore.
9:37 of 1st period - Slapshot by Ryan Parent.
9:37 of 1st period - Shot Misses the Net.
9:45 of 1st period - Minor Penalty to Dominic Moore for Holding.
9:46 of 1st period - Jordan Staal wins face-off versus Anthony Stewart in Devils zone.
10:44 of 1st period - Tobias Enstrom is hit by Matt Duchene and loses puck.
10:59 of 1st period - Minor Penalty to Marc-Édouard Vlasic for Roughing.
11:00 of 1st period - Gilbert Brule wins face-off versus J.T. Miller in Maple Leafs zone.
11:07 of 1st period - Wrist shot by Jordan Eberle.
11:07 of 1st period - Stopped by Marc-André Fleury without a rebound.
11:08 of 1st period - J.T. Miller wins face-off versus Gilbert Brule in Maple Leafs zone.
11:11 of 1st period - Slapshot by Shea Weber.
11:11 of 1st period - Stopped by Marc-André Fleury without a rebound.
11:12 of 1st period - Jordan Staal wins face-off versus J.T. Miller in Maple Leafs zone.
11:45 of 1st period - Penalty to Dominic Moore is over, Dominic Moore is back on ice.
11:56 of 1st period - Off-side.
11:57 of 1st period - Matt Duchene wins face-off versus Blake Comeau in neutral zone.
12:59 of 1st period - Penalty to Marc-Édouard Vlasic is over, Marc-Édouard Vlasic is back on ice.
13:26 of 1st period - Blake Comeau is hit by Kellan Lain and loses puck.
13:43 of 1st period - Shea Weber is hit by Michael Grabner and loses puck.
13:50 of 1st period - Snap shot by Michael Grabner.
13:50 of 1st period - Stopped by Cam Ward without a rebound.
13:51 of 1st period - Jordan Staal wins face-off versus Matt Duchene in Devils zone.
13:54 of 1st period - Snap shot by Alexander Frolov.
13:54 of 1st period - Shot Misses the Net.
14:18 of 1st period - Anthony Stewart is hit by Tobias Enstrom and loses puck.
14:27 of 1st period - Snap shot by Colby Armstrong.
14:27 of 1st period - Shot Misses the Net.
14:29 of 1st period - Slapshot by Taylor Chorney.
14:29 of 1st period - Shot Blocked by Brandon Bollig.
15:21 of 1st period - Braydon Coburn is hit by Adam Larsson and loses puck.
15:41 of 1st period - Tobias Enstrom is hit by Adam Larsson and loses puck.
15:58 of 1st period - Minor Penalty to Eric Nystrom for High sticking.
15:59 of 1st period - Jordan Staal wins face-off versus Jonathan Toews in Maple Leafs zone.
15:59 of 1st period - Jordan Staal is hit by Ryan Whitney.
17:39 of 1st period - Icing by Jordan Eberle.
17:40 of 1st period - Gilbert Brule wins face-off versus Jonathan Toews in Devils zone.
17:49 of 1st period - Claude Giroux is hit by Shea Weber and loses puck.
17:58 of 1st period - Penalty to Eric Nystrom is over, Eric Nystrom is back on ice.
18:55 of 1st period - Slapshot by Mike Komisarek.
18:55 of 1st period - Stopped by Marc-André Fleury without a rebound.
18:56 of 1st period - Matt Duchene wins face-off versus Jordan Staal in Maple Leafs zone.
18:57 of 1st period - Snap shot by J.T. Miller.
18:57 of 1st period - Goal by J.T. Miller - Maple Leafs : 0 - Devils : 1.
18:58 of 1st period - Alexander Frolov wins face-off versus Jonathan Toews in neutral zone.
19:05 of 1st period - Snap shot by Claude Giroux.
19:05 of 1st period - Goal by Claude Giroux - Maple Leafs : 1 - Devils : 1.
19:06 of 1st period - Jordan Staal wins face-off versus Jonathan Toews in neutral zone.
19:09 of 1st period - Snap shot by Claude Giroux.
19:09 of 1st period - Shot Misses the Net.
19:22 of 1st period - Icing by Shea Weber.
19:23 of 1st period - Jonathan Toews wins face-off versus Gilbert Brule in Devils zone.
19:34 of 1st period - Wrist shot by Jonathan Toews.
19:34 of 1st period - Shot Misses the Net.
19:52 of 1st period - Snap shot by Jonathan Toews.
19:52 of 1st period - Stopped by Marc-André Fleury without a rebound.
19:53 of 1st period - Jordan Staal wins face-off versus Matt Duchene in Maple Leafs zone.
Goals for this period are 1 for Maple Leafs vs 1 for Devils.
Shots for this period are 13 for Maple Leafs vs 7 for Devils.

2nd period


0:01 of 2nd period - Jonathan Toews wins face-off versus Jordan Staal in neutral zone.
0:08 of 2nd period - Wrist shot by Steve Downie.
0:08 of 2nd period - Deflect By Ted Purcell.
0:08 of 2nd period - Shot Misses the Net.
0:08 of 2nd period - Puck is out of play.
0:09 of 2nd period - Jonathan Toews wins face-off versus Jordan Staal in Maple Leafs zone.
0:36 of 2nd period - Snap shot by Jordan Staal.
0:36 of 2nd period - Shot Misses the Net.
0:38 of 2nd period - Wrist shot by Jordan Staal.
0:38 of 2nd period - Stopped by Cam Ward with a rebound.
0:40 of 2nd period - Snap shot by Jordan Staal.
0:40 of 2nd period - Stopped by Cam Ward without a rebound.
0:41 of 2nd period - Matt Duchene wins face-off versus Evgeny Grachev in Devils zone.
1:24 of 2nd period - Minor Penalty to Adam Pardy for Hooking.
1:25 of 2nd period - Dominic Moore wins face-off versus Jordan Staal in Devils zone.
1:55 of 2nd period - Wrist shot by Gilbert Brule.
1:55 of 2nd period - Shot Misses the Net.
3:23 of 2nd period - Tobias Enstrom is hit by Adam Larsson and loses puck.
3:24 of 2nd period - Penalty to Adam Pardy is over, Adam Pardy is back on ice.
3:38 of 2nd period - Eric Nystrom is hit by Ryan Whitney and loses puck.
3:45 of 2nd period - Snap shot by Erik Christensen.
3:45 of 2nd period - Goal by Erik Christensen - Maple Leafs : 1 - Devils : 2.
3:46 of 2nd period - Jonathan Toews wins face-off versus Evgeny Grachev in neutral zone.
4:11 of 2nd period - Mike Komisarek is hit by Ryan Parent and loses puck.
4:33 of 2nd period - Fabian Brunnstrom is hit by Shea Weber and loses puck.
6:03 of 2nd period - Snap shot by Steve Downie.
6:03 of 2nd period - Stopped by Marc-André Fleury without a rebound.
6:04 of 2nd period - Gilbert Brule wins face-off versus Jonathan Toews in Maple Leafs zone.
7:27 of 2nd period - Snap shot by Ted Purcell.
7:27 of 2nd period - Shot Misses the Net.
8:58 of 2nd period - Snap shot by Claude Giroux.
8:58 of 2nd period - Stopped by Cam Ward with a rebound.
9:00 of 2nd period - Slapshot by John Klingberg.
9:00 of 2nd period - Stopped by Cam Ward without a rebound.
9:01 of 2nd period - Alexander Frolov wins face-off versus Dominic Moore in Devils zone.
9:33 of 2nd period - Snap shot by Claude Giroux.
9:33 of 2nd period - Shot Misses the Net.
9:35 of 2nd period - Snap shot by Alexander Frolov.
9:35 of 2nd period - Stopped by Cam Ward without a rebound.
9:36 of 2nd period - Jonathan Toews wins face-off versus Gilbert Brule in Devils zone.
10:10 of 2nd period - Taylor Chorney is hit by Jordan Eberle and loses puck.
10:27 of 2nd period - Wrist shot by Martin St. Louis.
10:27 of 2nd period - Stopped by Marc-André Fleury without a rebound.
10:28 of 2nd period - Zac Dalpe wins face-off versus Erik Christensen in Maple Leafs zone.
10:43 of 2nd period - Backhand shot by Zac Dalpe.
10:43 of 2nd period - Stopped by Cam Ward without a rebound.
10:44 of 2nd period - Jonathan Toews wins face-off versus Jordan Staal in Devils zone.
10:49 of 2nd period - Jordan Staal is hit by Steve Downie and loses puck.
11:10 of 2nd period - Braydon Coburn is hit by Tyler Cuma.
11:39 of 2nd period - Wrist shot by Martin St. Louis.
11:39 of 2nd period - Deflect By Kellan Lain.
11:39 of 2nd period - Goal by Kellan Lain - Maple Leafs : 1 - Devils : 3.
11:40 of 2nd period - Jonathan Toews wins face-off versus Jordan Staal in neutral zone.
11:51 of 2nd period - Wrist shot by Claude Giroux.
11:51 of 2nd period - Stopped by Cam Ward without a rebound.
11:52 of 2nd period - Jordan Staal wins face-off versus Jonathan Toews in Devils zone.
12:44 of 2nd period - Evgeny Grachev is hit by Kellan Lain and loses puck.
13:15 of 2nd period - Wrist shot by Dominic Moore.
13:15 of 2nd period - Shot Misses the Net.
13:17 of 2nd period - Snap shot by Brandon Bollig.
13:17 of 2nd period - Deflect By Dominic Moore.
13:17 of 2nd period - Shot Misses the Net.
13:17 of 2nd period - Puck is out of play.
13:18 of 2nd period - Matt Duchene wins face-off versus Zac Dalpe in Maple Leafs zone.
13:36 of 2nd period - Off-side.
13:37 of 2nd period - Jonathan Toews wins face-off versus Alexander Frolov in neutral zone.
13:46 of 2nd period - Slapshot by Jonathan Toews.
13:46 of 2nd period - Shot Misses the Net.
13:48 of 2nd period - Snap shot by Steve Downie.
13:48 of 2nd period - Shot Misses the Net.
13:50 of 2nd period - Snap shot by Steve Downie.
13:50 of 2nd period - Shot Blocked by Jordan Staal.
14:23 of 2nd period - Slapshot by Dominic Moore.
14:23 of 2nd period - Shot Misses the Net.
14:25 of 2nd period - Snap shot by Anthony Stewart.
14:25 of 2nd period - Stopped by Marc-André Fleury without a rebound.
14:26 of 2nd period - Dominic Moore wins face-off versus Evgeny Grachev in Maple Leafs zone.
14:54 of 2nd period - Minor Penalty to Ted Purcell for Interference.
14:55 of 2nd period - Jordan Staal wins face-off versus Dominic Moore in Devils zone.
16:26 of 2nd period - Slapshot by Anthony Stewart.
16:26 of 2nd period - Shot Misses the Net.
16:28 of 2nd period - Snap shot by J.T. Miller.
16:28 of 2nd period - Stopped by Marc-André Fleury without a rebound.
16:29 of 2nd period - Dominic Moore wins face-off versus Fabian Brunnstrom in Maple Leafs zone.
16:54 of 2nd period - Penalty to Ted Purcell is over, Ted Purcell is back on ice.
17:10 of 2nd period - Wrist shot by Colby Armstrong.
17:10 of 2nd period - Stopped by Cam Ward with a rebound.
17:24 of 2nd period - Snap shot by Erik Christensen.
17:24 of 2nd period - Shot Blocked by Ryan Parent.
17:58 of 2nd period - Snap shot by Steve Downie.
17:58 of 2nd period - Shot Misses the Net.
18:02 of 2nd period - Slapshot by Jonathan Toews.
18:02 of 2nd period - Goal by Jonathan Toews - Maple Leafs : 1 - Devils : 4.
18:02 of 2nd period - Alex Stalock enters game.
18:03 of 2nd period - Jonathan Toews wins face-off versus Jordan Staal in neutral zone.
18:14 of 2nd period - Snap shot by Steve Downie.
18:14 of 2nd period - Stopped by Alex Stalock without a rebound.
18:15 of 2nd period - Steve Downie wins face-off versus Jordan Staal in Maple Leafs zone.
18:22 of 2nd period - Wrist shot by Jonathan Toews.
18:22 of 2nd period - Deflect By Ted Purcell.
18:22 of 2nd period - Shot Misses the Net.
18:22 of 2nd period - Puck is out of play.
18:23 of 2nd period - Jonathan Toews wins face-off versus Jordan Staal in Maple Leafs zone.
18:42 of 2nd period - Snap shot by Jordan Staal.
18:42 of 2nd period - Stopped by Cam Ward without a rebound.
18:43 of 2nd period - Gilbert Brule wins face-off versus Matt Duchene in Devils zone.
18:58 of 2nd period - Slapshot by Matt Duchene.
18:58 of 2nd period - Stopped by Alex Stalock with a rebound.
19:00 of 2nd period - Slapshot by J.T. Miller.
19:00 of 2nd period - Shot Blocked by John Klingberg.
19:16 of 2nd period - Michael Grabner is hit by Mike Komisarek and loses puck.
19:39 of 2nd period - Snap shot by Claude Giroux.
19:39 of 2nd period - Stopped by Cam Ward with a rebound.
19:41 of 2nd period - Slapshot by Tobias Enstrom.
19:41 of 2nd period - Deflect By Jordan Staal.
19:41 of 2nd period - Shot Misses the Net.
19:41 of 2nd period - Puck is out of play.
19:42 of 2nd period - Matt Duchene wins face-off versus Jordan Staal in Devils zone.
19:53 of 2nd period - Snap shot by Matt Duchene.
19:53 of 2nd period - Stopped by Alex Stalock with a rebound.
Goals for this period are 0 for Maple Leafs vs 3 for Devils.
Shots for this period are 10 for Maple Leafs vs 10 for Devils.

3rd period


0:01 of 3rd period - Jonathan Toews wins face-off versus Jordan Staal in neutral zone.
0:04 of 3rd period - Wrist shot by Steve Downie.
0:04 of 3rd period - Shot Misses the Net.
0:13 of 3rd period - Minor Penalty to Braydon Coburn for Elbowing.
0:14 of 3rd period - Jordan Staal wins face-off versus Jonathan Toews in Maple Leafs zone.
0:14 of 3rd period - Jordan Staal is hit by Ted Purcell.
0:45 of 3rd period - Off-side.
0:46 of 3rd period - Jordan Staal wins face-off versus Jonathan Toews in neutral zone.
2:13 of 3rd period - Penalty to Braydon Coburn is over, Braydon Coburn is back on ice.
2:36 of 3rd period - Wrist shot by Claude Giroux.
2:36 of 3rd period - Goal by Claude Giroux - Maple Leafs : 2 - Devils : 4.
2:37 of 3rd period - Jonathan Toews wins face-off versus Gilbert Brule in neutral zone.
2:46 of 3rd period - Snap shot by Fabian Brunnstrom.
2:46 of 3rd period - Shot Blocked by Ted Purcell.
2:48 of 3rd period - Slapshot by Marc-Édouard Vlasic.
2:48 of 3rd period - Shot Misses the Net.
2:50 of 3rd period - Slapshot by Marc-Édouard Vlasic.
2:50 of 3rd period - Shot Blocked by Adam Pardy.
2:52 of 3rd period - Slapshot by Marc-Édouard Vlasic.
2:52 of 3rd period - Shot Hit the Post.
2:54 of 3rd period - Slapshot by Braydon Coburn.
2:54 of 3rd period - Shot Blocked by Adam Larsson.
3:04 of 3rd period - Evgeny Grachev is hit by Adam Larsson.
4:37 of 3rd period - Snap shot by Matt Duchene.
4:37 of 3rd period - Shot Misses the Net.
4:39 of 3rd period - Snap shot by Jordan Eberle.
4:39 of 3rd period - Shot Blocked by Marc-Édouard Vlasic.
5:11 of 3rd period - Slapshot by Tyler Cuma.
5:11 of 3rd period - Deflect By Claude Giroux.
5:11 of 3rd period - Stopped by Alex Stalock without a rebound.
5:12 of 3rd period - Jonathan Toews wins face-off versus Jordan Staal in Maple Leafs zone.
5:31 of 3rd period - Steve Downie is hit by Jordan Staal and loses puck.
5:36 of 3rd period - Wrist shot by Claude Giroux.
5:36 of 3rd period - Stopped by Cam Ward without a rebound.
5:37 of 3rd period - Matt Duchene wins face-off versus Gilbert Brule in Devils zone.
6:06 of 3rd period - Wrist shot by Ted Purcell.
6:06 of 3rd period - Stopped by Alex Stalock without a rebound.
6:07 of 3rd period - Jonathan Toews wins face-off versus Eric Nystrom in Maple Leafs zone.
6:14 of 3rd period - Snap shot by Jonathan Toews.
6:14 of 3rd period - Shot Blocked by Eric Nystrom.
6:16 of 3rd period - Wrist shot by Ted Purcell.
6:16 of 3rd period - Shot Blocked by Marc-Édouard Vlasic.
6:20 of 3rd period - Wrist shot by Ted Purcell.
6:20 of 3rd period - Stopped by Alex Stalock with a rebound.
6:36 of 3rd period - Off-side.
6:37 of 3rd period - Matt Duchene wins face-off versus Jordan Staal in neutral zone.
6:48 of 3rd period - Slapshot by Jordan Staal.
6:48 of 3rd period - Stopped by Cam Ward without a rebound.
6:49 of 3rd period - Claude Giroux wins face-off versus Jonathan Toews in Devils zone.
7:43 of 3rd period - Slapshot by Tyler Cuma.
7:43 of 3rd period - Shot Misses the Net.
7:45 of 3rd period - Wrist shot by Brandon Bollig.
7:45 of 3rd period - Shot Misses the Net.
7:47 of 3rd period - Wrist shot by Tyler Cuma.
7:47 of 3rd period - Stopped by Alex Stalock with a rebound.
8:05 of 3rd period - Colby Armstrong is hit by Steve Downie and loses puck.
8:42 of 3rd period - Minor Penalty to Shea Weber for Interference.
8:43 of 3rd period - Jordan Staal wins face-off versus Dominic Moore in Devils zone.
10:14 of 3rd period - Icing by John Klingberg.
10:15 of 3rd period - Dominic Moore wins face-off versus Gilbert Brule in Maple Leafs zone.
10:42 of 3rd period - Penalty to Shea Weber is over, Shea Weber is back on ice.
11:14 of 3rd period - Slapshot by Jamie Benn.
11:14 of 3rd period - Shot Blocked by Tyler Cuma.
11:20 of 3rd period - Wrist shot by Steve Downie.
11:20 of 3rd period - Shot Misses the Net.
12:04 of 3rd period - Snap shot by Martin St. Louis.
12:04 of 3rd period - Shot Misses the Net.
12:06 of 3rd period - Snap shot by Martin St. Louis.
12:06 of 3rd period - Stopped by Alex Stalock with a rebound.
12:50 of 3rd period - J.T. Miller is hit by Tobias Enstrom and loses puck.
13:05 of 3rd period - Off-side.
13:06 of 3rd period - Gilbert Brule wins face-off versus Dominic Moore in neutral zone.
13:41 of 3rd period - Steve Downie is hit by Alexander Frolov and loses puck.
14:06 of 3rd period - Mike Komisarek is hit by Eric Nystrom and loses puck.
14:29 of 3rd period - Slapshot by Martin St. Louis.
14:29 of 3rd period - Shot Blocked by John Klingberg.
14:31 of 3rd period - Snap shot by Erik Christensen.
14:31 of 3rd period - Shot Misses the Net.
15:09 of 3rd period - Snap shot by Matt Duchene.
15:09 of 3rd period - Stopped by Alex Stalock with a rebound.
15:11 of 3rd period - Slapshot by Adam Larsson.
15:11 of 3rd period - Shot Blocked by Jordan Staal.
15:13 of 3rd period - Slapshot by Adam Pardy.
15:13 of 3rd period - Stopped by Alex Stalock with a rebound.
15:38 of 3rd period - Wrist shot by Matt Duchene.
15:38 of 3rd period - Stopped by Alex Stalock with a rebound.
15:56 of 3rd period - Minor Penalty to Colby Armstrong for Interference.
15:57 of 3rd period - Jonathan Toews wins face-off versus Claude Giroux in Maple Leafs zone.
16:35 of 3rd period - Tobias Enstrom is hit by Ryan Whitney and loses puck.
17:26 of 3rd period - Eric Nystrom is hit by Adam Larsson and loses puck.
17:56 of 3rd period - Penalty to Colby Armstrong is over, Colby Armstrong is back on ice.
18:07 of 3rd period - Minor Penalty to Ryan Parent for Hooking.
18:08 of 3rd period - Matt Duchene wins face-off versus Jordan Staal in Maple Leafs zone.
Goals for this period are 1 for Maple Leafs vs 0 for Devils.
Shots for this period are 3 for Maple Leafs vs 8 for Devils.